 Dungeon Crawl Stone Soup version 0.28-a0-1638-g9123634e07 (webtiles) character file.

Game seed: 10406969589007723878

515 Pin the Chopper (level 7, -5/62 HPs)
             Began as a Hill Orc Fighter on Jan 26, 2022.
             Slain by an ogre (7 damage)
             ... on level 5 of the Dungeon.
             The game lasted 00:12:22 (5578 turns).

Pin the Chopper (Hill Orc Fighter)                  Turns: 5578, Time: 00:12:22

Health: -5/62      AC:  9    Str: 21    XL:     7   Next: 20%
Magic:  7/7        EV:  7    Int:  8    God:
Gold:   258        SH:  5    Dex: 10    Spells: 6/6 levels left

rFire   . . .      SeeInvis .   m - +3 hand axe
rCold   . . .      Faith    .   c - +0 buckler
rNeg    . . .      Spirit   .   l - +0 chain mail
rPois   .          Reflect  .   (no helmet)
rElec   .          Harm     .   (no cloak)
rCorr   .          Rampage  .   (no gloves)
Will    .....                   (no boots)
Stlth   ..........              (no amulet)
HPRegen 0.20/turn               x - +4 ring of slaying
MPRegen 0.10/turn               (no ring)

@: studying Axes
A: no striking features
a: no special abilities


You were on level 5 of the Dungeon.
You visited 1 branch of the dungeon, and saw 5 of its levels.
You also visited: Ossuary.

You collected 258 gold pieces.

Inventory:

Hand Weapons
 a - a +1 war axe
 m - a +3 hand axe (weapon)
Missiles
 n - a throwing net (quivered)
Armour
 c - a +0 buckler (worn)
 l - a +0 chain mail (worn)
Jewellery
 x - a +4 ring of slaying (left hand)
Wands
 i - a wand of flame (11)
Scrolls
 e - a scroll of identify
 h - a scroll of fear
 k - a scroll of teleportation
 o - a scroll of vulnerability {unknown}
 p - a scroll of acquirement
 q - a scroll of brand weapon {unknown}
 t - a scroll of silence {unknown}
 w - a scroll of blinking {unknown}
Potions
 b - a potion of degeneration {unknown}
 d - a potion of might
 f - 4 potions of curing
 g - 2 potions of magic
 j - 3 potions of berserk rage
 r - 2 potions of attraction
 s - a potion of haste {unknown}
 u - a potion of cancellation {unknown}
 v - a potion of heal wounds {unknown}


   Skills:
 + Level 5.6 Fighting
 + Level 5.7 Axes
 + Level 5.2 Armour
 + Level 5.1 Shields


You had 6 spell levels left.
You didn't know any spells.
Your spell library was empty.

Dungeon Overview and Level Annotations

Branches:
Dungeon (5/15)            Ossuary (visited)
 Temple: D:4-7

Altars:
Dithmenos
Elyvilon
Fedhas
Kikubaaqudgha
Sif Muna
Uskayaw
The Shining One


Message History

The black bear claws you but does no damage. x2
The ogre hits you with a +0 giant club!!
Ouch! That really hurt!
* * * LOW HITPOINT WARNING * * *
You are too injured to fight recklessly!
You are too injured to fight recklessly!
You are too injured to fight recklessly!
You are too injured to fight recklessly!
You are too injured to fight recklessly!
You are too injured to fight recklessly!
You are too injured to fight recklessly!
You are too injured to fight recklessly!
You are too injured to fight recklessly!
You are too injured to fight recklessly!
You are too injured to fight recklessly!
You are too injured to fight recklessly!
You are too injured to fight recklessly!
You are too injured to fight recklessly!
You are too injured to fight recklessly!
You are too injured to fight recklessly!
You are too injured to fight recklessly!
You are too injured to fight recklessly!
You are too injured to fight recklessly!
You are too injured to fight recklessly!
You are too injured to fight recklessly!
You slash the black bear!
The black bear is almost dead.
You completely miss the ogre.
The black bear goes berserk!
The ogre hits you with a +0 giant club!
* * * LOW HITPOINT WARNING * * *
You barely miss the black bear.
The black bear is severely wounded.
You closely miss the necrophage. You barely miss the ogre.
The black bear bites you but does no damage.
The black bear claws you but does no damage. x2
The necrophage hits you but does no damage.
The black bear bites you but does no damage.
The black bear claws you but does no damage. x2
The ogre hits you with a +0 giant club!
You die...

*,,,,,,....................,*
*,,,,..................)...,*
*,,,,......................,*
*,,,,......................,*
*,,,,......................,*
*,,,,$.....................,*
*,,,,.......$............,,,*
*,,,,......n.............,,,*
*,,,,......h@............,,,*
*,,,,......O.............,,,*
*,,,,....................,,,*
*,,,,....................,,,*
*,,,,...............#####****
*,,,,...............#,,,*,,,*
*,,,,...)...........#,8,,,_,*
*,,,,...............#,,,*,,,*
**,,,,,,,,,,,,,,,,,,,**,******


You could see a black bear (berserk), an ogre and a necrophage.

Vanquished Creatures
  Sigmund (D:2)
  A jelly (D:5)
  An iguana (D:5)
  12 mummies (Ossuary)
  An adder (D:5)
  4 gnolls (D:5)
  A white imp (D:5)
  2 ufetubi
  A worm (D:2)
  A dart slug (D:1)
  8 orcs
  3 ball pythons
  6 endoplasms
  2 giant cockroaches
  8 goblins
  6 hobgoblins
  7 kobolds
  6 quokkas
  3 bats
  2 frilled lizards
  2 gnoll skeletons (Ossuary)
  3 goblin skeletons (Ossuary)
  3 orc skeletons (Ossuary)
  4 rats
  11 rat skeletons (Ossuary)
99 creatures vanquished.

Notes
Turn   | Place    | Note
-------+----------+-------------------------------------------
     0 | D:1      | Pin the Hill Orc Fighter began the quest for the Orb.
     0 | D:1      | Reached XP level 1. HP: 19/19 MP: 1/1
    69 | D:1      | Found a faded altar of an unknown god.
   100 | D:1      | Reached XP level 2. HP: 27/27 MP: 2/2
   548 | D:1      | Reached XP level 3. HP: 31/33 MP: 3/3
   916 | D:2      | Found a blossoming altar of Fedhas.
  1185 | D:2      | Noticed Sigmund
  1196 | D:2      | Killed Sigmund
  1197 | D:2      | Reached XP level 4. HP: 17/41 MP: 4/4
  1197 | D:2      | Reached XP level 5. HP: 19/47 MP: 5/5
  1712 | D:3      | Found an ancient bone altar of Kikubaaqudgha.
  1748 | D:3      | Found a shadowy altar of Dithmenos.
  2123 | D:3      | Found a hide-covered altar of Uskayaw.
  2125 | D:3      | Noticed a +0 hand axe
  2126 | D:3      | Noticed a +0 hand axe
  2315 | D:3      | Found a glowing golden altar of the Shining One.
  2527 | D:3      | Found a white marble altar of Elyvilon.
  2930 | D:4      | Reached XP level 6. HP: 41/55 MP: 6/6
  3049 | D:4      | Reached skill level 5 in Fighting
  3239 | D:4      | Found a shimmering blue altar of Sif Muna.
  3441 | D:4      | Found a sand-covered staircase.
  3447 | Ossuary  | Entered an ossuary
  3871 | Ossuary  | Reached skill level 5 in Axes
  4005 | Ossuary  | Reached skill level 5 in Armour
  4970 | D:5      | Entered Level 5 of the Dungeon
  5023 | D:5      | Identified 2 scrolls of acquirement
  5023 | D:5      | Acquired a manual of Axes
  5029 | D:5      | Reached skill level 5 in Shields
  5029 | D:5      | Reached XP level 7. HP: 56/61 MP: 7/7
  5577 | D:5      | HP: 2/62 [ogre (13)]
  5578 | D:5      | Slain by an ogre

Illustrated notes

Levels and vault maps discovered:
D:1:      lightli_arrival_windingriver, layout_basic,
          chequers_ecumenical_altar_island, serial_bayou_crossing
D:2:      layout_rooms, basic_altar, kennysheep_another_room,
          palyth_stone_intersect, minmay_tiny_reverse_x, uniq_sigmund
D:3:      layout_loops_corners, elyvilon_altar_1, dancing_weapons_uskayaw,
          mainiacjoe_overflow_surrounded_room, mainiacjoe_overflow_two_lobes
D:4:      layout_basic, nicolae_overflow_crystal_walls,
          nicolae_ossuary_entry_plus
D:5:      layout_basic, nicolae_wu_jian_immortal_techniques

Skill      XL: |  1  2  3  4  5  6 |
---------------+-------------------+-----
Axes           | 3 4 5 |  5.7
Fighting       | 4 5 |  5.6
Armour         | 4 5 |  5.2
Shields        | 4 5 |  5.1

Action                   |  1- 3 |  4- 6 |  7- 9 || total
-------------------------+-------+-------+-------++-------
Melee: War axe           |    83 |    25 |       ||   108
       Hand axe          |       |   178 |    28 ||   206
  Use: Scroll            |       |     9 |       ||     9
Armor: Scale mail        |    26 |     1 |       ||    27
       Chain mail        |       |    51 |    21 ||    72
Dodge: Dodged            |    36 |    48 |    12 ||    96
Block: Buckler           |    24 |    33 |     8 ||    65

Table legend: (Time is in decaauts)
 A = Elapsed time spent in this place.
 B = Non-inter-level travel time spent in this place.
 C = Inter-level travel time spent in this place.
 D = Time resting spent in this place.
 E = Time spent auto-exploring this place.
 F = Levels seen in this place.
 G = Mean time per level.
                   A        B        C        D        E       F      G
               +--------+--------+--------+--------+--------+-----+--------+
         Total |   5650 |   5507 |    143 |    898 |   3784 |   6 |  941.7 |
       Dungeon |   4582 |   4439 |    143 |    607 |   3221 |   5 |  916.4 |
       Ossuary |   1068 |   1068 |      0 |    291 |    563 |   1 | 1068.0 |
               +--------+--------+--------+--------+--------+-----+--------+

Top non-repeatable levels by time:
     D:3: 1169 daAuts
     D:4: 1099 daAuts
 Ossuary: 1068 daAuts
     D:1: 927 daAuts
     D:2: 777 daAuts
     D:5: 609 daAuts
